 Dungeon Crawl Stone Soup version 0.26.0-10-g1f06aea511 (webtiles) character file.

Game seed: 17082770594128812661

311310 vatarom the Ruinous (level 21, -9/122 HPs)
             Began as a Tengu Air Elementalist on Jan 19, 2021.
             Was the Champion of Vehumet.
             Shot with a bolt by a yaktaur captain (28 damage)
             ... on level 2 of the Vaults.
             The game lasted 02:47:52 (83610 turns).

vatarom the Ruinous (Tengu Air Elementalist)       Turns: 83610, Time: 02:47:53

Health: -9/122     AC:  9    Str: 11    XL:     21   Next: 28%
Magic:  30/41      EV: 22    Int: 23    God:    Vehumet [******]
Gold:   2802       SH:  5    Dex: 18    Spells: 6/50 levels left

rFire    + + .     SeeInvis +   A - +8 storm bow {elec, penet}
rCold    + + .     Faith    .   (shield currently unavailable)
rNeg     + . .     Spirit   .   Y - +2 robe {Archmagi}
rPois    +         Reflect  +   d - -2 hat of the Alchemist {rElec rPois rF+ rC+ rN+ Will+ rMut rCorr}
rElec    +         Harm     .   c - scarf {rC+ rF+}
rCorr    +         Rampage  .   f - +2 pair of gloves
rMut     +                      (boots unavailable)
Will     ++...                  I - amulet of reflection
Stlth    ++++......             p - +4 ring of protection
HPRegen  0.30/turn              z - ring "Naging" {+Fly rElec Dex+3 Slay+3 SInv}
MPRegen  0.27/turn

@: tornado, flying quickly and evasively, quick
A: beak, talons 3, able to fly
}: 2/15 runes: decaying, gossamer
a: Renounce Religion


You were on level 2 of the Vaults.
You worshipped Vehumet.
Vehumet was exalted by your worship.
You visited 8 branches of the dungeon, and saw 36 of its levels.
You also visited: Sewer and Bailey.

You collected 4269 gold pieces.
You spent 1467 gold pieces at shops.

Inventory:

Hand Weapons
 A - the +8 storm bow (weapon) {elec, penet}
   (You found it on level 9 of the Dungeon)

   It charges the ammunition it shoots with electricity; occasionally upon a
   hit, such missiles may discharge and cause terrible harm.
   Ammo fired by it passes through the targets it hits, potentially hitting all
   targets in its path until it reaches maximum range.
 N - the +10 falchion of Disaster {venom, +Inv rElec Int+4 Stlth+}
   (You found it on level 6 of the Lair of Beasts)

   It poisons the flesh of those it strikes.
   It affects your intelligence (+4).
   It insulates you from electricity.
   It lets you turn invisible.
   It makes you more stealthy.
Missiles
 k - 5 throwing nets {!f}
 s - 78 poisoned darts
 C - 801 arrows (quivered ammo)
 X - 8 curare-tipped darts
Armour
 c - a scarf of resistance (worn)
 d - the -2 hat of the Alchemist (worn) {rElec rPois rF+ rC+ rN+ Will+ rMut rCorr}
   (You found it on level 5 of the Dungeon)

   It protects you from fire.
   It protects you from cold.
   It insulates you from electricity.
   It protects you from poison.
   It protects you from negative energy.
   It affects your willpower, your defense against some magical effects.
   It provides partial protection from all sources of acid and corrosion.
   It protects you from mutation.
 f - a +2 pair of gloves (worn)
 P - a +0 cloak of willpower
 Y - a +2 robe of the Archmagi (worn)
Jewellery
 n - an uncursed ring of positive energy
 p - a +4 ring of protection (left hand)
 u - an uncursed amulet of guardian spirit
 z - the ring "Naging" (right hand) {+Fly rElec Dex+3 Slay+3 SInv}
   (You found it in a bailey)

   [ring of flight]

   It affects your dexterity (+3).
   It affects your accuracy and damage with ranged weapons and melee attacks
   (+3).
   It insulates you from electricity.
   It lets you see invisible.
   It lets you fly.
 G - a cursed ring of teleportation
 I - an amulet of reflection (around neck)
 K - an uncursed ring of stealth
Wands
 a - a wand of disintegration (57)
 o - a wand of enslavement (10)
 y - a wand of iceblast (12) {@v4}
 D - a wand of acid (5) {@v2}
 H - a wand of random effects (68)
 M - a wand of polymorph (14)
 O - a wand of paralysis (18)
 T - a wand of digging (1) {@v1}
Scrolls
 h - 3 scrolls of fog
 i - a scroll of summoning
 j - 10 scrolls of enchant armour
 l - 4 scrolls of noise
 m - 3 scrolls of teleportation {@r3}
 q - 4 scrolls of amnesia
 r - a scroll of holy word
 v - 4 scrolls of identify {@r1}
 w - 7 scrolls of remove curse {@r2}
 x - 3 scrolls of magic mapping
 B - 3 scrolls of fear
 F - 4 scrolls of enchant weapon
Potions
 b - 2 potions of brilliance {@q6}
 e - 8 potions of might {@q4}
 g - 4 potions of invisibility
 t - 2 potions of ambrosia
 E - 4 potions of attraction
 J - a potion of cancellation
 L - 6 potions of haste {@q3}
 S - 6 potions of mutation
 U - 2 potions of berserk rage
 V - 7 potions of curing {@q1}
Miscellaneous
 R - a phantom mirror


   Skills:
 - Level 10.0 Fighting
 - Level 10.0 Bows
 - Level 4.2 Throwing
 - Level 8.2 Dodging
 - Level 8.5 Stealth
 + Level 15.3 Spellcasting
 + Level 22.1 Conjurations
 - Level 6.2 Translocations
 - Level 4.3 Fire Magic
 - Level 6.1 Ice Magic
 + Level 22.0 Air Magic
 - Level 3.2 Poison Magic
 - Level 8.9 Evocations


You had 6 spell levels left.
You knew the following spells:

 Your Spells              Type           Power        Failure   Level
b - Swiftness             Air            100%         0%          2
c - Static Discharge      Conj/Air       100%         0%          3
d - Airstrike             Air            54%          0%          4
f - Freezing Cloud        Conj/Ice/Air   48%          1%          6
g - Conjure Ball Lightni  Conj/Air       54%          1%          6
w - Lightning Bolt        Conj/Air       54%          0%          5
B - Blink                 Tloc           N/A          1%          2
O - Orb of Destruction    Conj           54%          1%          7
T - Tornado               Air            54%          11%         9

Your spell library contained the following spells:

 Spells                   Type           Power        Failure   Level
 Lehudib's Crystal Spear  Conj/Erth      40%          47%         8
 Shatter                  Erth           13%          100%        9
 Foxfire                  Conj/Fire      100%         0%          1
 Magic Dart               Conj           100%         0%          1
 Shock                    Conj/Air       100%         0%          1
 Searing Ray              Conj           100%         0%          2
 Mephitic Cloud           Conj/Pois/Air  94%          0%          3
 Apportation              Tloc           100%         1%          1
 Freeze                   Ice            100%         1%          1
 Sandblast                Erth           52%          1%          1
 Conjure Flame            Conj/Fire      87%          1%          3
 Dazzling Flash           Conj/Hex       100%         1%          3
 Frozen Ramparts          Ice            100%         1%          3
 Gell's Gravitas          Tloc           31%          1%          3
 Ignite Poison            Fire/Tmut/Pois 43%          1%          3
 Inner Flame              Hex/Fire       41%          1%          3
 Lesser Beckoning         Tloc           31%          1%          3
 Ozocubu's Armour         Ice            62%          1%          3
 Stone Arrow              Conj/Erth      100%         1%          3
 Teleport Other           Tloc           62%          1%          3
 Fulminant Prism          Conj/Hex       40%          1%          4
 Hailstorm                Conj/Ice       89%          1%          4
 Iskenderun's Mystic Bla  Conj/Tloc      90%          1%          4
 Sticky Flame             Conj/Fire      87%          1%          4
 Summon Lightning Spire   Summ/Air       80%          1%          4
 Fireball                 Conj/Fire      43%          1%          5
 Silence                  Hex/Air        40%          1%          5
 Portal Projectile        Hex/Tloc       94%          2%          3
 Passage of Golubria      Tloc           N/A          2%          4
 Corona                   Hex            28%          3%          1
 Summon Small Mammal      Summ           100%         3%          1
 Call Imp                 Summ           26%          4%          2
 Passwall                 Tmut/Erth      21%          4%          2
 Slow                     Hex            26%          4%          2
 Call Canine Familiar     Summ           26%          10%         3
 Summon Guardian Golem    Hex/Summ       26%          10%         3
 Tukima's Dance           Hex            26%          10%         3
 Ice Form                 Ice/Tmut       47%          10%         4
 Summon Ice Beast         Ice/Summ       47%          10%         4
 Ozocubu's Refrigeration  Ice            31%          11%         6
 Lee's Rapid Deconstruct  Erth           13%          22%         5
 Yara's Violent Unravell  Hex/Tmut       13%          22%         5
 Metabolic Englaciation   Hex/Ice        23%          26%         5
 Cause Fear               Hex            13%          32%         4
 Leda's Liquefaction      Hex/Erth       13%          32%         4
 Petrify                  Tmut/Erth      26%          32%         4
 Alistair's Intoxication  Tmut/Pois      24%          43%         5
 Simulacrum               Ice/Necr       23%          82%         6
 Invisibility             Hex            26%          99%         6
 Spellforged Servitor     Conj/Summ      40%          8%          7
 Discord                  Hex            13%          100%        8


Dungeon Overview and Level Annotations

Branches:
Dungeon (15/15)            Temple (1/1) D:5            Lair (6/6) D:10
  Swamp (4/4) Lair:2       Spider (4/4) Lair:3        Slime (0/5) Lair:6
    Orc (2/2) D:10            Elf (0/3) Orc:2        Vaults (2/5) D:14
 Depths (2/5) D:15          Sewer (visited)          Bailey (visited)
  Crypt: Vaults:2-3

Altars:
Ashenzari
Cheibriados
Dithmenos
Elyvilon
Fedhas
Gozag
Hepliaklqana
Kikubaaqudgha
Makhleb
Nemelex Xobeh
Okawaru
Qazlal
Ru
Sif Muna
Trog
Uskayaw
Vehumet
Wu Jian
Xom
Yredelemnul
Zin
The Shining One
Beogh
Jiyva

Shops:
D:10 (   D:15 ((*[   Orc:1 *   Orc:2 :}=([   Vaults:2 ?   Depths:1 ?[*?[:

Portals:
Hell: Depths:1 Depths:2
Abyss: Lair:1 Depths:2
Pandemonium: Depths:1 Depths:2
Trove: D:13 (give 6 scrolls of fog)

Annotations:
D:10 3 runed translucent doors, exclusion: obsidian statue, Killmatronix's ghost, journeyman OpHu
Lair:1 2 transporters, Xixaub Eqygg's ghost, journeyman DrTm
Lair:2 exclusion: Fannar
Lair:6 exclusions: oklob plant and 1 more exclusion
Swamp:1 Roxanne


Innate Abilities, Weirdness & Mutations

You have a beak for a mouth.
You have claws for feet.
You can fly continuously.


Message History

The bolt freezes you.
Casting: Airstrike (safe; 0% risk of failure)
Confirm with . or Enter, or press ? or * to list all spells.
The spell is quite dangerous to cast (11% risk of failure)!
Continue anyway?
You feel a surge of power!
A great vortex of raging winds appears around you.
The stone giant zombie completely misses you.
You destroy the stone giant zombie!
Vehumet accepts your kill.
The yaktaur captain shoots a bolt.
The bolt hits you!! The bolt freezes you.
You see here a bolt.
You feel better.
The yaktaur captain shoots a bolt.
The bolt hits you!!
* * * LOW HITPOINT WARNING * * *
The bolt freezes you.
* * * LOW HITPOINT WARNING * * *
As you read the scroll of fear, it crumbles to dust.
You assume a fearsome visage.
The yaktaur captain looks frightened!
Your attack snaps the yaktaur captain out of its fear.
The yaktaur captain shoots a bolt.
The bolt hits you!!
You die...

#...÷..#..## ##..
##......#.## ##.
##.......### ##..
##§§§§§§§.# ##... ###
#+###§§§§§c§§.#
##.... ....
..#§§§§§§§§§.# #.....
....#.$#§§§§§§§§§.#
######
.....#.#§§§§§§§§§...
#....#§§§@§§§§§....
...#...#§§##########.
..(.)..§§(#
.......#..#
########.^# #c.# ...#
....# ....#


You could see a yaktaur captain.

Vanquished Creatures
  Saint Roka (Depths:1)
  Nikola (Lair:2)
  Arachne (Spider:2)
  Rupert (Lair:5)
  Jorgrun (D:15)
  2 thorn hunters
  Kirke (D:15)
  A fenstrider witch (Swamp:4)
  2 frost giants
  3 ghost moths
  2 deep elf sorcerers (Vaults:1)
  5 emperor scorpions
  4 ironheart preservers (Vaults:1)
  10 very ugly things
  4 stone giants
  A vampire knight (Depths:1)
  Azrael (D:13)
  4 dire elephants
  2 spark wasps
  3 eleionomae
  7 bunyips
  3 fire dragons
  An ettin (Depths:1)
  3 shambling mangroves
  2 deep elf death magi
  3 yaktaur captains
  4 vault guards (D:14)
  A rakshasa (Depths:2)
  24 hydras
  7 ogre magi
  5 great orbs of eyes
  A boulder beetle (Spider:3)
  Fannar (Lair:2)
  A death knight (D:13)
  A spriggan air mage (Depths:1)
  7 ice dragons
  2 catoblepae
  A catoblepas (shapeshifter) (Depths:2)
  9 centaur warriors
  The ghost of kuzco6543 the Basher, a novice MiBe of Trog (D:8)
  32 two-headed ogres
  An anaconda (Lair:6)
  8 alligators
  10 death yaks
  2 deep troll earth magi
  4 deep troll shamans
  A tengu warrior (Depths:1)
  5 orc high priests
  A sun demon (D:15)
  7 hell knights
  A deep elf knight (Vaults:1)
  Sonja (D:13)
  A shadow wraith (Vaults:1)
  4 skeletal warriors
  8 spriggan druids
  4 goliath frogs
  A titan skeleton (D:15)
  11 deep trolls
  An unseen horror (shapeshifter) (Depths:1)
  A wizard (Vaults:2)
  8 unseen horrors
  4 large abominations (Depths:2)
  10 swamp dragons
  6 bog bodies
  A flayed ghost (D:15)
  5 harpies (Vaults:2)
  A deep elf archer (Vaults:1)
  An ironbrand convoker (Vaults:2)
  A lindwurm (Lair:6)
  7 wolf spider zombies (Spider:1)
  9 orc knights
  A phantasmal warrior (D:12)
  7 deep elf magi
  5 necromancers
  An oklob plant (Lair:6)
  2 orc sorcerers
  43 ugly things
  27 wolf spiders
  5 cyclopes
  18 orb spiders
  3 will-o-the-wisps
  A stone giant zombie (Vaults:2)
  A fire giant zombie (D:15)
  A salamander (Depths:2)
  A moth of wrath (shapeshifter) (Depths:2)
  A stone giant skeleton (Vaults:2)
  29 elephants
  3 moths of wrath
  5 black mambas
  15 cane toads
  A frost giant skeleton (Vaults:2)
  3 vault sentinels (Vaults:1)
  A gargoyle (D:14)
  Maggie (D:6)
  2 kobold demonologists (D:14)
  6 rime drakes
  A yaktaur zombie (Vaults:2)
  10 demonic crawlers
  8 redback zombies (Spider:1)
  A freezing wraith (D:13)
  14 yaktaurs
  An ice devil (D:15)
  13 komodo dragons
  3 efreet (D:14)
  A merfolk (D:13)
  A harpy zombie (D:15)
  A queen bee (shapeshifter) (Depths:1)
  8 trolls
  3 tengu conjurers (D:14)
  3 polar bears
  33 jumping spiders
  A wolf spider simulacrum (D:15)
  6 tyrant leeches
  A bloated husk (Swamp:2)
  27 hornets
  11 blink frogs
  A fire dragon zombie (D:15)
  Grinder (D:6)
  7 tarantella zombies (Spider:1)
  15 slime creatures
  A shadow (D:14)
  A centaur simulacrum (D:15)
  71 redbacks
  18 spriggans
  An ice dragon skeleton (D:15)
  A tarantella (shapeshifter) (Vaults:1)
  A water elemental (Depths:2)
  54 yaks
  A vampire (D:15)
  An ettin skeleton (Vaults:2)
  5 basilisks
  26 tarantellas
  A wraith (D:12)
  7 wyverns
  A human (shapeshifter) (Depths:1)
  5 hogs (D:15)
  4 fire elementals
  A chaos spawn (Depths:2)
  7 small abominations (Depths:2)
  A soldier ant (D:10)
  10 swamp worms
  3 acid dragons
  15 water moccasins
  5 hell hounds
  4 ice beasts
  13 swamp drakes
  A hornet zombie (D:9)
  A sky beast (D:15)
  38 orc warriors
  2 black bears
  A necrophage (D:7)
  9 boggarts
  22 ogres
  5 phantoms
  20 wolves
  21 centaurs
  2 human skeletons (Vaults:2)
  3 human zombies (Vaults:2)
  19 bullfrogs
  3 big kobolds
  3 wyvern zombies
  8 scorpions
  15 killer bees
  A water moccasin skeleton (D:6)
  15 wights
  3 electric eels
  5 howler monkeys
  4 centaur zombies
  4 crimson imps (D:15)
  2 bullfrog zombies
  3 jellies
  A quasit (Depths:1)
  4 bullfrog skeletons
  4 hounds
  40 orc wizards
  36 orc priests
  7 centaur skeletons
  13 worker ants
  4 iguanas
  A hound skeleton (D:9)
  2 worker ant zombies
  10 gnolls
  2 howler monkey skeletons
  A howler monkey zombie (D:9)
  15 adders
  5 river rats (Sewer)
  A shadow imp (D:6)
  9 white imps
  4 ufetubi
  3 oozes
  2 adder zombies
  2 adder skeletons (D:9)
  4 worms
  3 dart slugs
  8 leopard geckos
  135 orcs
  7 ball pythons
  10 giant cockroaches
  9 goblins
  7 hobgoblins
  15 jackals
  31 kobolds
  7 quokkas
  11 bats
  7 frilled lizards
  A jackal zombie (D:8)
  A leopard gecko skeleton (D:4)
  2 leopard gecko zombies (D:5)
  A quokka skeleton (D:5)
  30 rats
  A spectral orc (D:3)
  3 ball lightnings
  A fire vortex (Depths:2)
1573 creatures vanquished.

Vanquished Creatures (collateral kills)
  13 ball lightnings
13 creatures vanquished.

Vanquished Creatures (others)
  An eleionoma (Lair:2)
  A bloated husk (Swamp:3)
  3 water elementals (Depths:1)
  A yak (D:13)
  2 humans (D:15)
  A warg (Depths:1)
  3 orc warriors (Depths:1)
  An eye of draining (shapeshifter) (Depths:1)
  A wyvern zombie (D:13)
  An orc wizard (Depths:1)
  7 orcs (Depths:1)
  446 ball lightnings
  2 foxfires (Swamp:2)
  143 fungi
  131 plants
  13 withered plants (D:15)
757 creatures vanquished.

Grand Total: 2343 creatures vanquished

Notes
Turn   | Place    | Note
-------+----------+-------------------------------------------
     0 | D:1      | vatarom the Tengu Air Elementalist began the quest for the
                  | Orb.
     0 | D:1      | Reached XP level 1. HP: 10/10 MP: 4/4
   161 | D:1      | Reached XP level 2. HP: 16/16 MP: 4/6
   436 | D:1      | Reached skill level 1 in Fighting
   569 | D:1      | Learned a level 2 spell: Swiftness
   572 | D:1      | Reached XP level 3. HP: 20/20 MP: 2/7
  1297 | D:2      | Reached XP level 4. HP: 23/25 MP: 1/8
  1399 | D:2      | Learned a level 3 spell: Static Discharge
  1548 | D:2      | Found an iron altar of Okawaru.
  1551 | D:2      | You fall into a shaft and drop 1 floor!
  1553 | D:3      | Found a hazy altar of Hepliaklqana.
  1600 | D:2      | Reached skill level 5 in Air Magic
  1668 | D:2      | Gained mutation: You can fly continuously. [Tengu growth]
  1668 | D:2      | Reached XP level 5. HP: 11/30 MP: 2/10
  3275 | D:3      | Reached XP level 6. HP: 24/36 MP: 9/11
  3283 | D:3      | Learned a level 4 spell: Airstrike
  3688 | D:3      | Found a basalt altar of Yredelemnul.
  4485 | D:4      | Reached XP level 7. HP: 41/41 MP: 7/13
  4535 | D:4      | Found a glowing drain.
  4553 | D:4      | Reached skill level 5 in Conjurations
  4618 | Sewer    | Entered a sewer
  6336 | D:4      | Reached XP level 8. HP: 48/48 MP: 9/15
  6466 | D:5      | Entered Level 5 of the Dungeon
  6590 | D:5      | Learned a level 5 spell: Lightning Bolt
  6902 | D:5      | Found a staircase to the Ecumenical Temple.
  6909 | Temple   | Entered the Ecumenical Temple
  6920 | Temple   | Became a worshipper of Vehumet
  7287 | D:5      | Found the -2 hat of the Alchemist {rElec rPois rF+ rC+ rN+
                  | Will+ rMut rCorr}
  7811 | D:6      | Reached skill level 5 in Spellcasting
  8594 | D:6      | Noticed Grinder
  8627 | D:6      | Reached XP level 9. HP: 33/52 MP: 9/18
  8741 | D:6      | Found a broken altar of Ashenzari.
  8914 | D:6      | Killed Grinder
  9072 | D:6      | Found a shimmering blue altar of Sif Muna.
  9181 | D:6      | Found a burning altar of Makhleb.
  9201 | D:6      | Found a glowing silver altar of Zin.
  9201 | D:6      | Noticed Maggie
  9217 | D:6      | Killed Maggie
  9218 | D:6      | Noticed a cacodemon
  9218 | D:6      | Noticed an angel
  9555 | D:6      | Found a blossoming altar of Fedhas.
  9604 | D:6      | Learned a level 3 spell: Mephitic Cloud
  9788 | D:7      | Found a flagged portal.
  9802 | Bailey   | Entered a bailey
  9980 | Bailey   | Reached skill level 10 in Air Magic
 10109 | Bailey   | Reached * piety under Vehumet
 10109 | Bailey   | Offered knowledge of Freeze by Vehumet.
 10243 | Bailey   | Noticed an orc knight
 10244 | Bailey   | Noticed an orc knight
 10246 | Bailey   | Noticed an orc knight
 10248 | Bailey   | Killed an orc knight
 10249 | Bailey   | Reached XP level 10. HP: 56/56 MP: 9/21
 10249 | Bailey   | Killed an orc knight
 10250 | Bailey   | Reached skill level 10 in Conjurations
 10252 | Bailey   | Killed an orc knight
 10508 | Bailey   | Got a fine lead ring
 10510 | Bailey   | Identified the ring "Naging" {+Fly rElec Dex+3 Slay+3 SInv}
                  | (You found it in a bailey)
 10695 | D:7      | Learned a level 2 spell: Blink
 11227 | D:7      | Found a white marble altar of Elyvilon.
 11813 | D:8      | Reached ** piety under Vehumet
 12002 | D:8      | Offered knowledge of Searing Ray by Vehumet.
 12583 | D:8      | Found a runed translucent gate.
 12583 | D:8      | Noticed kuzco6543's ghost (novice MiBe)
 12584 | D:8      | Found a runed translucent gate.
 12585 | D:8      | Found a runed translucent gate.
 12586 | D:8      | Identified the cursed +3 scimitar of Avathadd {venom,
                  | *Contam +Fly rC+ Str+3}
 12586 | D:8      | Identified the +5 plate armour "Hirchazxo" {Int+3}
 12745 | D:8      | Found a roughly hewn altar of Beogh.
 13000 | D:9      | Offered knowledge of Ignite Poison by Vehumet.
 13276 | D:9      | Reached skill level 1 in Poison Magic
 13523 | D:9      | Reached XP level 11. HP: 60/61 MP: 19/24
 13576 | D:9      | Reached *** piety under Vehumet
 13645 | D:9      | Learned a level 3 spell: Ignite Poison
 13666 | D:9      | Noticed an unseen horror
 13681 | D:9      | Killed an unseen horror
 13682 | D:9      | Reached skill level 5 in Dodging
 13797 | D:9      | Found the +8 storm bow {elec, penet}
 13797 | D:9      | Identified the Collected Works on Supportive Beguiling
 14278 | D:9      | Offered knowledge of Dazzling Flash by Vehumet.
 14374 | D:10     | Entered Level 10 of the Dungeon
 14405 | D:10     | Reached skill level 1 in Bows
 14473 | D:10     | Reached skill level 1 in Fire Magic
 14507 | D:10     | Reached **** piety under Vehumet
 14517 | D:10     | Offered knowledge of Yara's Violent Unravelling by Vehumet.
 14584 | D:10     | Identified the cursed +1 rapier "Judees" {pain, rPois rC++
                  | Int-5 SInv}
 14931 | D:10     | Found a staircase to the Orcish Mines.
 15422 | D:10     | Found a runed translucent gate.
 15422 | D:10     | Found a runed translucent gate.
 15423 | D:10     | Found a runed translucent gate.
 15423 | D:10     | Found an opulent altar of Gozag.
 15423 | D:10     | Noticed a phantasmal warrior
 15424 | D:10     | Noticed an obsidian statue
 15424 | D:10     | Noticed Killmatronix's ghost (journeyman OpHu)
 15424 | D:10     | Noticed an eight-headed hydra
 15458 | D:10     | Noticed a centaur warrior
 15470 | D:10     | Killed a centaur warrior
 15859 | D:10     | Found a staircase to the Lair.
 15928 | D:10     | Reached ***** piety under Vehumet
 16302 | D:10     | Found Jecvuenamu's Antique Weapon Boutique.
 16501 | Lair:1   | Entered Level 1 of the Lair of Beasts
 16832 | Lair:1   | Offered knowledge of Conjure Ball Lightning by Vehumet.
 17279 | Lair:1   | Reached skill level 5 in Bows
 17488 | Lair:1   | Reached XP level 12. HP: 66/66 MP: 13/25
 18082 | Lair:1   | Got a crude robe
 18093 | Lair:1   | Identified the +2 robe "Joej" {rF+ rC+ Will+} (You found it
                  | on level 1 of the Lair of Beasts)
 18405 | Lair:1   | Found a transporter.
 18407 | Lair:1   | Found a transporter.
 18411 | Lair:1   | Noticed a hell hog
 18421 | Lair:1   | Found a one-way gate to the infinite horrors of the Abyss.
 18424 | Lair:1   | Noticed Xixaub Eqygg's ghost (journeyman DrTm)
 19023 | Lair:2   | Found a staircase to the Swamp.
 19379 | Lair:2   | Learned a level 6 spell: Freezing Cloud
 19380 | Lair:2   | Noticed Fannar
 19390 | Lair:2   | Noticed a five-headed hydra
 19407 | Lair:2   | Killed a five-headed hydra
 19408 | Lair:2   | Reached skill level 1 in Ice Magic
 19680 | Lair:2   | Killed Fannar
 20631 | Lair:3   | Noticed a five-headed hydra
 20637 | Lair:3   | Killed a five-headed hydra
 20939 | Lair:3   | Noticed an eight-headed hydra
 20946 | Lair:3   | Killed an eight-headed hydra
 20947 | Lair:3   | Reached XP level 13. HP: 70/70 MP: 9/27
 21199 | Lair:3   | Reached skill level 5 in Ice Magic
 21565 | Lair:3   | Found a hole to the Spider Nest.
 22766 | Lair:4   | Reached skill level 10 in Spellcasting
 24261 | Lair:4   | Reached skill level 15 in Air Magic
 24604 | Lair:4   | Learned a level 6 spell: Conjure Ball Lightning
 24725 | Lair:5   | Noticed Rupert
 24736 | Lair:5   | Killed Rupert
 24820 | Lair:5   | Offered knowledge of Starburst by Vehumet.
 24821 | Lair:5   | Reached XP level 14. HP: 66/76 MP: 22/29
 25343 | Lair:5   | Noticed a dire elephant
 25350 | Lair:4   | Reached skill level 15 in Conjurations
 26617 | Lair:5   | Killed a dire elephant
 28011 | Lair:5   | Found a white marble altar of Elyvilon.
 28684 | Lair:6   | Entered Level 6 of the Lair of Beasts
 29755 | Lair:6   | Found a viscous altar of Jiyva.
 29756 | Lair:6   | Found a staircase to the Slime Pits.
 29966 | Lair:6   | Got a twitching iron ring
 29967 | Lair:6   | Identified the ring of Gasa {rPois Will+ rCorr Slay+2} (You
                  | found it on level 6 of the Lair of Beasts)
 30233 | Lair:6   | Reached skill level 5 in Fighting
 30674 | Lair:6   | Got an iridescent trident
 30690 | Lair:6   | Got a sapphire falchion
 30987 | Lair:6   | Identified the +7 trident "Feeblud" {antimagic, Dex+3} (You
                  | found it on level 6 of the Lair of Beasts)
 30988 | Lair:6   | Identified the +10 falchion of Disaster {venom, +Inv rElec
                  | Int+4 Stlth+} (You found it on level 6 of the Lair of
                  | Beasts)
 31014 | Lair:6   | Offered knowledge of Bolt of Magma by Vehumet.
 31561 | Lair:6   | Noticed a dire elephant
 31856 | Lair:6   | Noticed a dire elephant
 31879 | Lair:6   | Killed a dire elephant
 31880 | Lair:6   | Reached XP level 15. HP: 26/84 MP: 0/31
 34390 | D:12     | Got a scintillating silver ring
 34791 | D:13     | Noticed Sonja
 34869 | D:13     | Noticed Azrael
 35140 | D:13     | Found a portal to a secret trove of treasure.
 35160 | D:13     | Reached skill level 1 in Evocations
 35647 | D:13     | Killed Sonja
 37175 | D:13     | Offered knowledge of Irradiate by Vehumet.
 37690 | D:13     | Killed Azrael
 37726 | D:13     | Reached skill level 5 in Stealth
 38484 | D:14     | Found a gate to the Vaults.
 38524 | D:14     | HP: 1/86 [hornet (17)]
 39070 | D:14     | Got a shimmering robe
 39071 | D:14     | Identified the +1 robe of Umicuotwe {+Inv Will- Dex+2 SInv}
                  | (You found it on level 14 of the Dungeon)
 39072 | D:14     | Identified the ring of Sophism {+Fly Will+ SInv} (You found
                  | it on level 12 of the Dungeon)
 39075 | D:14     | Identified a scroll of acquirement
 39076 | D:14     | Acquired 471 gold pieces
 39738 | D:14     | Reached XP level 16. HP: 83/92 MP: 20/32
 40119 | D:15     | Entered Level 15 of the Dungeon
 40197 | D:15     | Noticed Jorgrun
 40295 | D:15     | Killed Jorgrun
 40778 | D:15     | Found Nesemog's Antique Weapon Shop.
 41639 | D:15     | Found an opulent altar of Gozag.
 41651 | D:15     | Found Sehot Fulag's Assorted Antiques.
 41660 | D:15     | Bought a potion of heal wounds for 150 gold pieces
 41660 | D:15     | Bought a potion of haste for 300 gold pieces
 41660 | D:15     | Bought a scroll of teleportation for 90 gold pieces
 41676 | D:15     | Found Feisechuu's Antique Weapon Shoppe.
 41679 | D:15     | Found Iwuxaemm's Armour Emporium.
 41795 | D:15     | Offered knowledge of Orb of Destruction by Vehumet.
 42117 | D:15     | Noticed Kirke
 42124 | D:15     | Killed Kirke
 42125 | D:15     | Reached skill level 5 in Evocations
 42290 | D:15     | Found a staircase to the Depths.
 42972 | Orc:1    | Entered Level 1 of the Orcish Mines
 43233 | Orc:2    | Entered Level 2 of the Orcish Mines
 43346 | Orc:2    | Found a staircase to the Elven Halls.
 43408 | Orc:2    | Found Wiotzisch's Antique Armour Emporium.
 43505 | Orc:2    | Found a roughly hewn altar of Beogh.
 43516 | Orc:2    | Bought an ancient leather armour for 168 gold pieces
 43529 | Orc:2    | Identified the +1 leather armour of Weirdness {Harm *Slow
                  | rN++ Stlth+} (You bought it in a shop on level 2 of the
                  | Orcish Mines)
 43831 | Orc:2    | Found Poehu's Gadget Emporium.
 43831 | Orc:2    | Found Ronekhli's Weapon Shoppe.
 43831 | Orc:2    | Found Cepieh's Jewellery Shoppe.
 43850 | Orc:2    | Found Ynaalek's Book Emporium.
 43865 | Orc:2    | Bought the ring "Liuf Eda" {+Fly rElec rN+++ Dex+2 Slay-3}
                  | for 617 gold pieces
 44930 | Orc:1    | Found Vofug's General Store.
 45780 | Spider:1 | Entered Level 1 of the Spider Nest
 48445 | Spider:1 | Learned a level 7 spell: Orb of Destruction
 48539 | Spider:1 | Offered knowledge of Iron Shot by Vehumet.
 48642 | Spider:1 | You are sucked into a shaft and drop 1 floor!
 49061 | Spider:1 | Reached XP level 17. HP: 79/96 MP: 33/33
 49894 | Spider:2 | Noticed Arachne
 52851 | Spider:2 | Killed Arachne
 57253 | Spider:3 | Identified the +0 robe of Entitlement {rElec rC- Will++
                  | Slay-6} (You found it on level 3 of the Spider Nest)
 57730 | Swamp:1  | Entered Level 1 of the Swamp
 57730 | Swamp:1  | Noticed Nikola
 57737 | Lair:2   | Offered knowledge of Ignition by Vehumet.
 57746 | Lair:2   | Killed Nikola
 58023 | D:8      | Killed kuzco6543's ghost
 58333 | Lair:2   | Reached skill level 10 in Bows
 59235 | Swamp:1  | Reached skill level 1 in Throwing
 59761 | Swamp:1  | Identified Roxanne's Volume of Earth
 59761 | Swamp:1  | Noticed Roxanne
 61409 | Swamp:2  | Reached XP level 18. HP: 65/101 MP: 2/35
 63712 | Swamp:4  | Entered Level 4 of the Swamp
 63715 | Swamp:4  | Reached skill level 1 in Translocations
 64936 | Swamp:4  | Got a decaying rune of Zot
 65418 | Spider:4 | Entered Level 4 of the Spider Nest
 66418 | Spider:4 | Reached ****** piety under Vehumet
 68369 | Spider:4 | Reached skill level 5 in Translocations
 68403 | Spider:4 | Reached XP level 19. HP: 90/110 MP: 26/36
 68419 | Spider:4 | Offered knowledge of Lehudib's Crystal Spear by Vehumet.
 68419 | Spider:4 | Offered knowledge of Shatter by Vehumet.
 68419 | Spider:4 | Offered knowledge of Tornado by Vehumet.
 69356 | Spider:4 | Paralysed by a hornet for 1 turns
 70011 | Spider:4 | Got a gossamer rune of Zot
 70331 | Vaults:1 | Entered Level 1 of the Vaults
 70442 | Depths:1 | Entered Level 1 of the Depths
 70447 | Depths:1 | Found Ysotel's Magic Scroll Boutique.
 70961 | D:15     | Learned a level 9 spell: Tornado
 73164 | Depths:1 | Found a gateway to Hell.
 73185 | Depths:1 | Reached skill level 10 in Fighting
 73264 | Depths:1 | Found Xisorph's Magic Scroll Shop.
 73544 | Depths:1 | Found Gaaphata's Book Shop.
 73601 | Depths:1 | Noticed Saint Roka
 73612 | Depths:1 | Killed Saint Roka
 74116 | Depths:1 | Found Bito's Antique Armour Boutique.
 74708 | Depths:1 | Found Aborhar's Assorted Antiques.
 74795 | Depths:1 | Found Faeser's Antique Armour Shoppe.
 74888 | Depths:1 | Bought a fine robe for 142 gold pieces
 74888 | Depths:1 | Identified the +1 robe of Cheibriados's Respect {rC+} (You
                  | bought it in a shop on level 1 of the Depths)
 75126 | Depths:1 | Found a one-way gate leading to the halls of Pandemonium.
 75261 | Depths:2 | Reached XP level 20. HP: 72/117 MP: 21/38
 80232 | Vaults:1 | Found a roughly hewn altar of Beogh.
 81665 | Vaults:1 | Reached skill level 15 in Spellcasting
 81769 | Vaults:1 | Reached XP level 21. HP: 101/122 MP: 35/41
 82988 | Vaults:2 | Found Leir Femn's Magic Scroll Emporium.
 83610 | Vaults:2 | Shot with a bolt by a yaktaur captain

Illustrated notes

Levels and vault maps discovered:
D:1:      lemuel_arrival_lava_pool, layout_rooms,
          hangedman_abyss_or_decor_stabs, minmay_tetromino_l4
D:2:      layout_loops_ring, okawaru_trees_1
D:3:      layout_basic, yredelemnul_forgotten_temple_becter,
          lemuel_crystal_altar
D:4:      layout_basic, portal_sewer_entry_c, grunt_ministairs_11,
          minmay_misc_feat_tiny
D:5:      layout_basic, minmay_temple_entry_tees, grunt_decor_mini_mirrors,
          patterned_corridor
D:6:      layout_rooms, grunt_temple_overflow_order_and_chaos_2, fedhas_altar_3,
          general_overflow_altar, cheibrodos_ashenzari_chains, uniq_maggie,
          uniq_grinder
D:7:      layout_gridville, lemuel_doored_altar, enter_bailey_6,
          kennysheep_diamond
D:8:      layout_basic, biasface_ghost_orc_armoury
D:9:      minmay_the_grid_square_5x5_3x3
          [minmay_the_grid_square_5x5_almost_minimal,
          minmay_the_grid_square_5x5_inner_z,
          minmay_the_grid_square_5x5_checkered_sparse,
          minmay_the_grid_square_5x5_detours,
          minmay_the_grid_square_5x5_megaprize_diamond,
          minmay_the_grid_square_5x5_z, minmay_the_grid_square_5x5_gyroscope,
          minmay_the_grid_square_5x5_checkered_statues,
          minmay_the_grid_square_5x5_half_checkered], layout_gridville,
          minivault_23, minmay_misc_feat_roman
D:10:     layout_long_grid, lair_entry_dummy, hiddenorc2_lemuel,
          ebering_ghost_gozag, serial_shops, shop, minivault_24
D:11:     layout_long_grid, grunt_ministairs_8
D:12:     layout_big_octagon, serial_co_window_serial, co_window_paths_b,
          co_window_corner_a, co_window_cross_1, co_window_cross_1,
          co_window_paths_a, co_window_paths_b, co_window_of_opportunity_a,
          co_window_of_opportunity_a, co_window_of_opportunity_a,
          co_window_cross_4, co_window_unsneaky_path_a, co_window_corner_b,
          co_window_paths_d, co_window_4corner_b, glass_columns_c
D:13:     layout_cave_pools, nicolae_trove_entry_crossroad,
          portal_ice_cave_rime, hangedman_fish_farm, uniq_azrael, uniq_sonja
D:14:     kennysheep_ambush_hall, layout_irregular_city,
          lightli_vaults_fourway_checkpoint, minmay_misc_feat_encased
D:15:     gammafunk_depths_entry_grave, layout_rooms, serial_shops,
          nicolae_shop_stone, shop, shop, nicolae_shop_waterfront,
          nrook_mini_backslash, basic_altar, minmay_fire_ice_demons, uniq_kirke,
          uniq_jorgrun
Temple:   minmay_freezing_vapour_temple
Lair:1:   layout_regular_city, gammafunk_ghost_abyssal_escape,
          grunt_megastairs_2
Lair:2:   layout_chaotic_city, swamp_mist, uniq_fannar
Lair:3:   layout_big_grid, nicolae_spider_entry_tight_spaces,
          grunt_megastairs_5, infiniplex_staircase_pool_2, serial_bayou_shore_b
Lair:4:   layout_gridlike, serial_bayou_shore_a
Lair:5:   mu_elephants_graveyard, layout_regular_city, basic_altar,
          lemuel_fruit_tree, uniq_rupert
Lair:6:   due_jungle_book, layout_gridlike, slime_altar_1,
          minmay_lair_oklob_items
Swamp:1:  layout_basic_swamp, evilmike_swamp_ruin_house_2, uniq_roxanne,
          uniq_nikola
Swamp:2:  layout_falls_marsh, evilmike_swamp_ruin_rubble_2, swamp_pool5,
          nicolae_swamp_spriggan_camp
Swamp:3:  layout_falls_marsh, nicolae_swamp_fairy_circle,
          infiniplex_staircase_pool
Swamp:4:  swamp, layout_basic_swamp
Spider:1: lemuel_spider_zombies, drop_trap
Spider:2: layout_spider_delve, nicolae_spider_cling_ruins, uniq_arachne
Spider:3: layout_chambers, nicolae_spider_webbed_stairs
Spider:4: spider_rune_water, drop_trap
Orc:1:    layout_caves, serial_shops, shop
Orc:2:    st_orc_mages, layout_caves, serial_shops, shop, basic_altar,
          nicolae_orc_stony_grotto, guppyfry_library_mini
Vaults:1: v_misc_33, vaults_standard_mumra_enter_the_diamond,
          grunt_vaults_funnel, v_alt_pattern_2, v_misc_9,
          ontoclasm_vaults_decontamination, vaults_dpeg_doors,
          nicolae_vaults_hallways_thing, v_pattern_1, vaults_mumra_lcd,
          special_room_vaults [special_room_orc], vaults_mumra_chevron,
          nicolae_vaults_little_squares_6, layout_vaults_ring
Vaults:2: hangedman_vaults_pinch, ontoclasm_vaults_gateway,
          grunt_tower_of_power, v_misc_22, nicolae_vaults_big_angled_halls,
          vaults_dpeg_diagonal, vaults_room_grunt_arrival_ludios,
          ontoclasm_vaults_ring_small, layout_vaults_quadrants, serial_shops,
          shop
Depths:1: layout_basic, grunt_metal_band, rand_demon_pan_entry_9, serial_shops,
          kennysheep_mini, shop, kennysheep_mini_moat, shop, shop_statue,
          lemuel_freeze_loot_1, minmay_shop_star, uniq_saint_roka
Depths:2: minmay_skeletal_surprise, layout_cave_pools, hell_entry, fountainhead,
          pan_entry, minmay_room_of_horrors

Skill      XL: |  1  2  3  4  5  6  7  8  9 10 11 12 13 14 15 16 17 18 19 20 21 |
---------------+----------------------------------------------------------------+-----
Conjurations   | 2 3 4 5 7 9 11 12 13 14 16 17 18 19 20 21 22 | 22.1
Fighting       | 1 2 3 4 6 7 9 10 | 10.0
Air Magic      | 5 6 7 8 10 12 13 15 16 17 18 19 20 21 22 | 22.0
Spellcasting   | 3 4 5 7 8 9 10 11 12 13 15 | 15.3
Dodging        | 4 5 7 8 |  8.2
Poison Magic   | 1 3 |  3.2
Bows           | 5 7 8 10 | 10.0
Fire Magic     | 4 |  4.3
Ice Magic      | 4 6 |  6.1
Evocations     | 4 6 8 |  8.9
Stealth        | 6 8 |  8.5
Throwing       | 3 4 |  4.2
Translocations | 5 6 |  6.2

Action                   |  1- 3 |  4- 6 |  7- 9 | 10-12 | 13-15 | 16-18 | 19-21 || total
-------------------------+-------+-------+-------+-------+-------+-------+-------++-------
Melee: Unarmed           |     3 |       |       |       |       |       |       ||     3
       Kick              |     4 |    23 |    13 |    19 |     2 |       |       ||    61
       Short sword       |    13 |    75 |    85 |    53 |       |       |       ||   226
       Peck              |     1 |    13 |    11 |    10 |       |       |       ||    35
       Longbow           |       |       |       |       |     3 |       |       ||     3
 Fire: Longbow           |       |       |       |   149 |   296 |   385 |   204 ||  1034
Throw: Dart              |       |       |     3 |       |       |       |       ||     3
 Cast: Shock             |    69 |   102 |   258 |   143 |    16 |     3 |       ||   591
       Static Discharge  |       |     4 |    32 |    54 |    14 |    15 |     5 ||   124
       Airstrike         |       |       |    22 |   105 |    83 |   172 |   131 ||   513
       Mephitic Cloud    |       |       |     2 |    11 |       |       |       ||    13
       Lightning Bolt    |       |       |       |    27 |    17 |    60 |    57 ||   161
       Ignite Poison     |       |       |       |     5 |       |       |       ||     5
       Freezing Cloud    |       |       |       |    14 |   137 |    83 |    37 ||   271
       Blink             |       |       |       |     2 |    13 |    31 |    33 ||    79
       Swiftness         |       |       |       |     1 |    11 |     4 |     2 ||    18
       Conjure Ball Ligh |       |       |       |       |   103 |    74 |    30 ||   207
       Orb of Destructio |       |       |       |       |       |   185 |   131 ||   316
       Tornado           |       |       |       |       |       |       |    32 ||    32
 Abil: Fly               |       |       |       |       |       |     1 |     1 ||     2
       Stop Flying       |       |       |       |       |       |       |     1 ||     1
Evoke: Wand              |       |       |     5 |       |       |    10 |     1 ||    16
  Use: Scroll            |       |     1 |    10 |    12 |    24 |    25 |     8 ||    80
       Potion            |       |       |     9 |     5 |     3 |     8 |     3 ||    28
 Stab: Sleeping          |       |     3 |       |     1 |       |       |       ||     4
Armor: Robe              |     4 |     4 |    15 |    32 |    30 |    53 |    29 ||   167
       Skin              |       |       |       |       |       |    35 |       ||    35
Dodge: Dodged            |    21 |    78 |   163 |   166 |   147 |   324 |   247 ||  1146
Block: Other             |       |       |       |       |    31 |    62 |    48 ||   141
       Reflection        |       |       |       |       |     7 |     3 |    10 ||    20
